 Dungeon Crawl Stone Soup version 0.25-a0-35-g747a2b3c0c (webtiles) character file.

Game seed: 1555760263422248572, levelgen mode: deterministic

144559 mortelune the Devastator (level 16, -9/101 HPs)
             Began as a Deep Elf Fire Elementalist on Oct 19, 2019.
             Was the Champion of Vehumet.
             Killed by divine providence
             ... invoked by a meliai
              (12 damage)
             ... on level 1 of the Shoals.
             The game lasted 02:05:56 (45297 turns).

mortelune the Devastator (DEFE)                    Turns: 45297, Time: 02:05:57

Health: -9/101     AC: 14    Str: 15    XL:     16   Next: 85%
Magic:  3/33       EV: 22    Int: 26    God:    Vehumet [******]
Gold:   513        SH: 10    Dex: 15    Spells: 8/37 levels left

rFire    + . .     SeeInvis .   P - +4 demon blade (venom)
rCold    + . .     Gourm    .   u - +2 buckler
rNeg     . . .     Faith    .   Z - +2 robe {rC+}
rPois    .         Spirit   .   k - +2 helmet of the Lonely Friends {Str+4}
rElec    .         Reflect  +   M - +0 cloak
rCorr    .         Harm     .   b - +1 pair of gloves
MR       ++...                  a - +0 pair of boots
Stlth    +.........             V - +3 amulet of reflection
HPRegen  0.26/turn              x - ring of wizardry
MPRegen  0.23/turn              z - ring of protection from magic

@: very slow
A: repulsion field 1, rugged brown scales 1, blurry vision 1, clever 1, fire
resistance 1, strong 1
a: Renounce Religion


You were on level 1 of the Shoals.
You worshipped Vehumet.
Vehumet was exalted by your worship.
You were not hungry.

You visited 4 branches of the dungeon, and saw 24 of its levels.
You visited 1 bazaar.
You also visited: Ossuary and Volcano.

You collected 2615 gold pieces.
You spent 2102 gold pieces at shops.

Inventory:

Hand Weapons
 P - a +4 demon blade of venom (weapon)
 W - a +3 scimitar of flaming
Armour
 a - a +0 pair of boots (worn)
 b - a +1 pair of gloves (worn)
 k - the +2 helmet of the Lonely Friends (worn) {Str+4}
   (You found it on level 11 of the Dungeon)

   It affects your strength (+4).
 u - a +2 buckler (worn)
 v - a +0 troll leather armour
 y - the +8 plate armour "Jaarchynti" {Str+3 Int+3 Dex+3 Stlth+}
   (You found it on level 11 of the Dungeon)

   It affects your strength (+3).
   It affects your intelligence (+3).
   It affects your dexterity (+3).
   It makes you more stealthy.
 M - a +0 cloak (worn)
 T - the +5 ring mail of Repulsion {-Tele rElec rCorr Stlth+}
   (You found it on level 1 of the Lair of Beasts)

   It insulates you from electricity.
   It prevents most forms of teleportation.
   It provides partial protection from all sources of acid and corrosion.
   It makes you more stealthy.
 Y - a scarf of cloud immunity
 Z - a +2 robe of cold resistance (worn)
Jewellery
 e - a +3 ring of strength
 i - an uncursed ring of see invisible
 r - an uncursed ring of flight
 x - a ring of wizardry (left hand)
 z - a ring of protection from magic (right hand)
 E - an uncursed ring of protection from fire
 O - an uncursed amulet of the acrobat
 V - a +3 amulet of reflection (around neck)
Wands
 t - a wand of digging (8)
 A - a wand of iceblast (19)
 Q - a wand of disintegration (10)
 U - a wand of acid (13)
Scrolls
 f - 2 scrolls of fog
 g - 7 scrolls of remove curse
 l - 2 scrolls of enchant armour
 n - 2 scrolls of fear
 o - a scroll of silence
 p - 16 scrolls of teleportation
 B - 3 scrolls of blinking
 C - 2 scrolls of immolation
 F - 3 scrolls of magic mapping
 L - a scroll of holy word
 R - 4 scrolls of amnesia
Potions
 h - 4 potions of ambrosia
 j - 5 potions of heal wounds
 m - 2 potions of resistance
 q - 3 potions of cancellation
 s - 5 potions of flight
 w - a potion of brilliance
 G - 7 potions of agility
 H - a potion of magic
 I - 6 potions of haste
 K - 4 potions of curing
 N - a potion of might {unknown}
 X - 5 potions of lignification {unknown}
Miscellaneous
 S - a phantom mirror
Comestibles
 c - 16 rations
 d - 3 chunks of flesh


   Skills:
 + Level 10.6 Fighting
 - Level 7.5 Armour
 + Level 10.9 Dodging
 - Level 2.4 Stealth
 - Level 4.0 Shields
 + Level 11.3 Spellcasting
 * Level 15.7 Conjurations
 * Level 14.0 Fire Magic
 * Level 9.7 Earth Magic


You had 8 spell levels left.
You knew the following spells:

 Your Spells              Type           Power        Failure   Level  Hunger
a - Flame Tongue          Conj/Fire      #####        0%          1    None
b - Throw Flame           Conj/Fire      ######       0%          2    None
c - Conjure Flame         Conj/Fire      #######.     1%          3    None
d - Sticky Flame          Conj/Fire      #######.     1%          4    None
e - Bolt of Magma         Conj/Fire/Erth ######....   1%          5    ###....
f - Fireball              Conj/Fire      #######...   1%          5    ###....
q - Iron Shot             Conj/Erth      ######....   1%          6    #####..
s - Stone Arrow           Conj/Erth      ######       1%          3    None

Your spell library contained the following spells:

 Spells                   Type           Power        Failure   Level  Hunger
 Bolt of Cold             Conj/Ice       ######....   3%          6    #####..
 Magic Dart               Conj           ####         0%          1    None
 Searing Ray              Conj           ######       0%          2    None
 Sandblast                Erth           ######       1%          1    None
 Sting                    Conj/Pois      ####         1%          1    None
 Passwall                 Tmut/Erth      #####...     1%          2    None
 Dazzling Spray           Conj/Hex       ######       1%          3    None
 Inner Flame              Hex/Fire       ######..     1%          3    None
 Mephitic Cloud           Conj/Pois/Air  #####...     1%          3    None
 Force Lance              Conj/Tloc      ######..     1%          4    None
 Fulminant Prism          Conj/Hex       ######....   1%          4    None
 Iskenderun's Mystic Bla  Conj           #######.     1%          4    None
 Iskenderun's Battlesphe  Conj/Chrm      ######..     1%          5    ###....
 Lee's Rapid Deconstruct  Erth           ######....   1%          5    ###....
 Venom Bolt               Conj/Pois      ######....   1%          5    ###....
 Orb of Destruction       Conj           #######...   1%          7    ######.
 Poisonous Vapours        Pois/Air       ##....       2%          2    None
 Petrify                  Tmut/Erth      #####...     2%          4    None
 Recall                   Summ/Tloc      N/A          4%          3    None
 Olgreb's Toxic Radiance  Pois           ##......     4%          4    None
 Borgnjor's Vile Clutch   Necr/Erth      #####.....   6%          5    ###....
 Spellforged Servitor     Conj/Summ      ######....   14%         7    ######.
 Animate Dead             Necr           N/A          16%         4    None
 Death Channel            Necr           ##........   91%         6    #####..
 Simulacrum               Ice/Necr       ##........   91%         6    #####..


Dungeon Overview and Level Annotations

Branches:
Dungeon (15/15)            Temple (0/1) D:7            Lair (6/6) D:9
 Shoals (1/4) Lair:2        Snake (0/4) Lair:2        Slime (0/5) Lair:5
    Orc (2/2) D:10            Elf (0/3) Orc:2        Vaults (0/5) D:14
 Depths (0/5) D:15        Ossuary (visited)         Volcano (visited)

Altars:
Ashenzari
Fedhas
Gozag
Kikubaaqudgha
Nemelex Xobeh
Okawaru
Qazlal
Ru
Trog
Uskayaw
Vehumet
Yredelemnul
Beogh
Jiyva

Shops:
D:6 *   D:7 *===   D:12 !   D:14 *   Orc:1 *   Orc:2 [%![

Annotations:
D:3 Grinder
D:5 Sigmund
D:12 3 runed translucent doors, Arthanis's ghost, journeyman DEFE; KristoblXynda's ghost, journeyman DrAr
Lair:6 2 runed translucent doors


Innate Abilities, Weirdness & Mutations

You are surrounded by a mild repulsion field. (EV +2)
You are partially covered in rugged brown scales. (AC +1, +3% HP)
Scrolls take you a little longer to read.
Your mind is acute. (Int +2)
Your flesh is heat resistant. (rF+)
Your muscles are strong. (Str +2)


Message History

The iron shot misses the merfolk javelineer.
The merfolk javelineer throws a javelin.
The javelin misses you.
The merfolk javelineer throws a javelin.
The javelin barely misses you.
The meliai calls down the wrath of its god upon you.
Something smites you!
The merfolk javelineer throws a javelin.
The javelin misses you.
Some of the chunks of flesh in your inventory have rotted away.
You see here 5 javelins.
You enter the shallow water.
Moving in this stuff is going to be slow.
The merfolk javelineer throws a javelin.
The javelin pierces through you!!
* * * LOW HITPOINT WARNING * * *
You hear a splash.
The meliai calls down the wrath of its god upon you.
Something smites you!
You die...

.≈≈≈≈..#...(.#........
≈≈≈≈≈≈≈......m###.......
≈≈≈≈≈≈≈≈≈≈≈≈..# #...≈...
≈≈≈≈≈≈≈≈.≈≈...###..≈≈≈≈.
≈≈≈≈≈≈≈≈≈≈≈≈≈≈≈≈≈≈.......≈≈≈≈≈≈
≈≈≈≈≈≈≈≈≈≈≈≈≈≈≈≈≈≈.......≈≈≈≈≈≈
≈≈≈≈≈≈≈≈≈≈≈≈≈≈≈≈...(y.......[≈≈≈≈
≈≈≈≈≈≈≈≈≈≈≈≈≈≈≈≈≈.(.###.......≈≈≈
≈≈≈≈≈≈≈≈≈≈≈≈≈≈≈≈@...###.......≈≈≈
≈≈≈≈≈≈≈.≈≈≈≈≈≈≈≈≈≈≈......##...
≈≈≈≈≈≈..≈≈≈≈≈≈≈≈≈≈≈≈>...## ...
≈≈≈...≈≈≈.≈≈≈≈≈≈≈≈≈≈....... ..
≈≈≈.#.≈≈...≈≈≈≈≈≈≈≈≈≈≈.....
≈≈≈.......÷÷≈≈≈≈≈≈≈≈≈≈≈....
≈≈≈≈<≈^.≈≈≈≈≈..≈≈≈≈≈≈≈≈≈≈.≈
≈≈≈≈≈≈≈≈≈≈÷≈.....≈≈≈≈≈≈≈≈≈≈
≈≈≈≈≈≈≈≈≈....#...≈≈≈≈≈≈≈≈≈


You could see a merfolk javelineer and a meliai.

Vanquished Creatures
  Rupert (D:14)
  Agnes (D:15)
  Frances (D:14)
  A stone giant (Volcano)
  Nessos (D:14)
  Azrael (Orc:2)
  A fire dragon (D:15)
  An ogre mage (D:15)
  Josephine (Orc:1)
  2 vault guards (D:14)
  Fannar (Orc:1)
  4 hydras
  9 two-headed ogres
  11 centaur warriors
  A merfolk avatar (Shoals:1)
  Erica (Lair:2)
  2 tengu warriors (D:15)
  An orc high priest (Orc:1)
  Sonja (Orc:1)
  A deep elf knight (D:14)
  2 skeletal warriors (D:15)
  A flayed ghost (D:15)
  A fire crab (Lair:6)
  A wizard (D:14)
  An unseen horror (D:15)
  Pikel (D:8)
  A lindwurm (Lair:6)
  A sphinx zombie (D:15)
  A wolf spider (D:15)
  A necromancer (D:15)
  8 orc knights
  2 ugly things
  An oklob plant (Lair:3)
  2 deep elf magi (D:14)
  3 cyclopes
  3 manticores
  A fire giant zombie (D:15)
  A faun (Shoals:1)
  A merfolk siren (Shoals:1)
  3 elephants
  Maurice (D:8)
  A stone giant skeleton (D:15)
  11 spiny frogs
  An ice statue (D:12)
  4 molten gargoyles
  10 black mambas
  3 gargoyles
  2 centaur skeletons
  6 komodo dragons
  3 rime drakes
  An efreet (Volcano)
  A spriggan zombie (D:15)
  A freezing wraith (D:15)
  7 trolls
  A meliai (Shoals:1)
  2 hornets
  A tengu conjurer (D:14)
  2 merfolk (Shoals:1)
  3 snapping turtles (Shoals:1)
  2 wind drakes (Shoals:1)
  16 blink frogs
  A meliai zombie (D:11)
  11 hippogriffs
  A centaur simulacrum (D:15)
  A water elemental (Shoals:1)
  A human (D:7)
  37 yaks
  3 shadows
  11 wyverns
  3 hogs (D:7)
  5 wraiths
  2 vampires
  4 basilisks
  7 fire elementals
  2 fire bats (Volcano)
  Eustachio (D:4)
  4 hungry ghosts
  7 vampire mosquitoes
  3 acid dragons
  A warg (Orc:2)
  3 nagas (Lair:2)
  A soldier ant (D:12)
  A water moccasin (shapeshifter) (D:15)
  8 hell hounds
  8 water moccasins
  44 orc warriors
  6 porcupines
  7 ice beasts
  4 sky beasts
  4 slaves (D:8)
  An eye of draining (D:3)
  3 black bears
  4 phantoms
  6 necrophages
  11 ogres
  24 centaurs
  9 crocodiles
  17 bullfrogs
  4 wyvern skeletons
  8 scorpions
  4 killer bees (D:9)
  3 wights (D:8)
  A howler monkey (D:8)
  2 quasits
  11 lava snakes
  14 crimson imps
  7 centaur zombies
  3 jellies
  6 bullfrog zombies
  7 hounds
  A gnoll shaman (D:5)
  21 orc priests
  29 orc wizards
  3 bullfrog skeletons
  Ijyb (D:5)
  An iguana (D:14)
  12 worker ants
  2 big kobold zombies (Ossuary)
  A hound zombie (D:6)
  A hound skeleton (D:5)
  3 mummies
  15 adders
  3 gnolls (D:5)
  4 shadow imps
  2 adder skeletons
  2 worms
  A dart slug (D:1)
  3 leopard geckos
  93 orcs
  4 giant cockroaches
  2 gnoll zombies (Ossuary)
  2 goblins (D:3)
  3 hobgoblins
  4 jackals (D:6)
  9 quokkas
  7 bats
  A frilled lizard (D:2)
  2 goblin zombies (Ossuary)
  4 hobgoblin zombies (Ossuary)
  6 kobolds
  2 orc zombies (Ossuary)
  4 rats
  6 bushes (D:12)
  6 plants (D:12)
  3 withered plants (D:15)
757 creatures vanquished.

Vanquished Creatures (others)
  A centaur warrior (D:14)
  An orc knight (Orc:2)
  A manticore (Shoals:1)
  4 orc warriors
  4 centaurs
  An orc wizard (Orc:2)
  3 orcs (Orc:2)
  8 fungi
  7 plants
  10 withered plants
40 creatures vanquished.

Grand Total: 797 creatures vanquished

Notes
Turn   | Place    | Note
-------+----------+-------------------------------------------
     0 | D:1      | mortelune the Deep Elf Fire Elementalist began the quest
                  | for the Orb.
     0 | D:1      | Reached XP level 1. HP: 10/10 MP: 6/6
   478 | D:1      | Reached XP level 2. HP: 15/15 MP: 4/8
   482 | D:1      | Learned a level 2 spell: Throw Flame
  1089 | D:2      | Reached skill level 2 in Conjurations
  1170 | D:2      | Reached XP level 3. HP: 20/20 MP: 3/9
  1387 | D:2      | Learned a level 3 spell: Conjure Flame
  1799 | D:3      | Found a sacrificial altar of Ru.
  1805 | D:3      | Noticed Grinder
  1943 | D:3      | Reached XP level 4. HP: 13/24 MP: 1/11
  2437 | D:4      | Reached skill level 1 in Fighting
  2678 | D:4      | Found a radiant altar of Vehumet.
  2681 | D:4      | Found a stormy altar of Qazlal.
  2690 | D:4      | Became a worshipper of Vehumet
  2696 | D:4      | Found a blossoming altar of Fedhas.
  2786 | D:4      | Reached skill level 3 in Conjurations
  2786 | D:4      | Reached XP level 5. HP: 29/29 MP: 4/12
  2868 | D:4      | Learned a level 4 spell: Sticky Flame
  2944 | D:4      | Found a basalt altar of Yredelemnul.
  3231 | D:4      | Reached XP level 6. HP: 34/34 MP: 10/14
  3446 | D:4      | Noticed Eustachio
  4011 | D:3      | Found a bloodstained altar of Trog.
  4150 | D:3      | Reached skill level 4 in Conjurations
  4150 | D:3      | Reached skill level 5 in Fire Magic
  4592 | D:4      | Reached * piety under Vehumet
  4592 | D:4      | Offered knowledge of Shock by Vehumet.
  4595 | D:4      | Learned a level 1 spell: Shock
  4946 | D:5      | Entered Level 5 of the Dungeon
  5052 | D:4      | Killed Eustachio
  5052 | D:4      | Reached XP level 7. HP: 38/40 MP: 5/16
  5153 | D:4      | Reached skill level 5 in Spellcasting
  5507 | D:5      | Reached skill level 5 in Conjurations
  6018 | D:5      | Learned a level 5 spell: Fireball
  6037 | D:5      | Reached XP level 8. HP: 45/45 MP: 13/18
  6127 | D:5      | Noticed Ijyb
  6146 | D:5      | Reached skill level 5 in Dodging
  6159 | D:5      | Killed Ijyb
  6238 | D:5      | Reached skill level 6 in Conjurations
  6810 | D:5      | Noticed Sigmund
  6915 | D:6      | Found a hide-covered altar of Uskayaw.
  6916 | D:6      | Found an ancient bone altar of Kikubaaqudgha.
  7174 | D:6      | Found a sand-covered staircase.
  7185 | Ossuary  | Entered an ossuary
  7277 | Ossuary  | Offered knowledge of Sandblast by Vehumet.
  7285 | Ossuary  | Reached ** piety under Vehumet
  7675 | Ossuary  | Reached XP level 9. HP: 51/51 MP: 16/20
  7926 | D:6      | Reached skill level 7 in Conjurations
  8577 | D:6      | Found Kiolyuj's Assorted Antiques.
  8582 | D:6      | Bought a fizzy purple potion for 19 gold pieces
  8582 | D:6      | Bought a scroll labeled BICIOSI ZECH for 22 gold pieces
  8582 | D:6      | Bought a scroll labeled BICIOSI ZECH for 22 gold pieces
  8582 | D:6      | Bought a fuming puce potion for 19 gold pieces
  8582 | D:6      | Bought a potion of haste for 220 gold pieces
  9035 | D:7      | Found a staircase to the Ecumenical Temple.
  9106 | D:7      | Found Teink's Jewellery Boutique.
  9118 | D:7      | Bought an uncursed ring of see invisible for 195 gold
                  | pieces
  9167 | D:7      | Offered knowledge of Stone Arrow by Vehumet.
  9213 | D:7      | Learned a level 3 spell: Stone Arrow
  9357 | D:7      | Found a shattered altar of Ashenzari.
  9748 | D:6      | Reached skill level 8 in Conjurations
 10134 | D:7      | Found Sosoc's Jewellery Emporium.
 10160 | D:7      | Found Miunush's Jewellery Boutique.
 10229 | D:7      | Found Qughy's General Store.
 10232 | D:7      | Bought a scroll of magic mapping for 52 gold pieces
 10232 | D:7      | Bought 2 scrolls of teleportation for 90 gold pieces
 10232 | D:7      | Bought a scroll of teleportation for 45 gold pieces
 11174 | D:8      | Noticed Maurice
 11175 | D:8      | Reached *** piety under Vehumet
 11175 | D:8      | Reached XP level 10. HP: 57/57 MP: 19/23
 11184 | D:8      | Killed Maurice
 11746 | D:8      | Reached skill level 9 in Conjurations
 11777 | D:8      | Noticed Pikel
 11975 | D:7      | Offered knowledge of Airstrike by Vehumet.
 12432 | D:8      | Killed Pikel
 12681 | D:9      | Noticed a two-headed ogre
 12884 | D:9      | Reached skill level 10 in Fire Magic
 12889 | D:9      | Reached skill level 5 in Fighting
 13263 | D:9      | Killed a two-headed ogre
 13263 | D:9      | Reached skill level 10 in Conjurations
 13319 | D:9      | Reached XP level 11. HP: 63/63 MP: 13/26
 13724 | D:9      | Reached **** piety under Vehumet
 13847 | D:9      | Found a staircase to the Lair.
 14284 | D:10     | Entered Level 10 of the Dungeon
 14361 | D:10     | Offered knowledge of Throw Icicle by Vehumet.
 14555 | D:10     | Found a staircase to the Orcish Mines.
 14762 | D:10     | Reached skill level 1 in Shields
 15858 | Lair:1   | Entered Level 1 of the Lair of Beasts
 16133 | Lair:1   | Got a distressingly furry ring mail
 16145 | Lair:1   | Identified the +5 ring mail of Repulsion {-Tele rElec rCorr
                  | Stlth+} (You found it on level 1 of the Lair of Beasts)
 17280 | Lair:2   | Found a staircase to the Snake Pit.
 17335 | Lair:2   | Reached skill level 11 in Conjurations
 17576 | Lair:2   | Found a staircase to the Shoals.
 17681 | Lair:2   | Noticed a four-headed hydra
 17692 | Lair:2   | Killed a four-headed hydra
 17692 | Lair:2   | Reached skill level 10 in Spellcasting
 17787 | Lair:2   | Noticed Erica
 17790 | Lair:2   | Killed Erica
 18126 | Lair:2   | Reached XP level 12. HP: 70/70 MP: 25/28
 19428 | Lair:3   | Reached ***** piety under Vehumet
 19639 | Lair:3   | Offered knowledge of Bolt of Magma by Vehumet.
 20725 | Lair:4   | Reached skill level 12 in Conjurations
 21524 | Lair:5   | Learned a level 5 spell: Bolt of Magma
 21568 | Lair:5   | Found a viscous altar of Jiyva.
 21568 | Lair:5   | Found a staircase to the Slime Pits.
 21575 | Lair:5   | Found a dark tunnel.
 21581 | Volcano  | Entered a volcano
 22480 | Volcano  | Reached skill level 1 in Earth Magic
 22710 | Volcano  | Found a bloodstained altar of Trog.
 22847 | Volcano  | Noticed a stone giant
 23005 | Volcano  | Killed a stone giant
 24545 | Lair:5   | Reached skill level 5 in Earth Magic
 24708 | Lair:5   | Reached XP level 13. HP: 76/76 MP: 20/29
 25362 | Lair:6   | Entered Level 6 of the Lair of Beasts
 26344 | Lair:6   | Found a hide-covered altar of Uskayaw.
 26780 | Lair:6   | Reached skill level 13 in Conjurations
 28186 | Lair:6   | Found a large runed translucent door.
 28186 | Lair:6   | Noticed a fire dragon
 28187 | Lair:6   | Found a large runed translucent door.
 28784 | Lair:6   | Reached skill level 10 in Dodging
 30961 | D:11     | Reached XP level 14. HP: 30/84 MP: 6/30
 31386 | D:11     | Got a pitted helmet
 31397 | D:11     | Identified the +2 helmet of the Lonely Friends {Str+4} (You
                  | found it on level 11 of the Dungeon)
 31476 | D:11     | Found an iron altar of Okawaru.
 31614 | D:11     | Got a shimmering plate armour
 31625 | D:11     | Identified the +8 plate armour "Jaarchynti" {Str+3 Int+3
                  | Dex+3 Stlth+} (You found it on level 11 of the Dungeon)
 31659 | D:11     | Got a crystal mace
 31661 | D:11     | Identified the +1 mace of Malaise {crush, Fragile rN++
                  | Str+2} (You found it on level 11 of the Dungeon)
 31852 | D:12     | Reached skill level 1 in Armour
 32054 | D:12     | Found a blossoming altar of Fedhas.
 32322 | D:12     | Found Joirit's Distillery.
 32330 | D:12     | Bought a potion of haste for 140 gold pieces
 32330 | D:12     | Bought a potion of cancellation for 112 gold pieces
 32330 | D:12     | Bought a potion of heal wounds for 70 gold pieces
 32330 | D:12     | Bought a potion of agility for 56 gold pieces
 32330 | D:12     | Bought 2 potions of curing for 84 gold pieces
 32718 | D:12     | Found a runed translucent gate.
 32719 | D:12     | Found a runed translucent gate.
 32720 | D:12     | Found a runed translucent gate.
 32720 | D:12     | Noticed Arthanis's ghost (journeyman DEFE)
 32724 | D:12     | Noticed KristoblXynda's ghost (journeyman DrAr)
 33215 | Orc:1    | Entered Level 1 of the Orcish Mines
 33876 | D:13     | Found a flickering gateway to a bazaar.
 33882 | Bazaar   | Entered a bazaar
 33899 | Bazaar   | Found Muekoatiss's Gadget Shoppe.
 33899 | Bazaar   | Found Modaas's Magic Scroll Emporium.
 33922 | Bazaar   | Found Gywka's Book Shoppe.
 33947 | Bazaar   | Found Joisobug's Weapon Shoppe.
 33947 | Bazaar   | Found Beiqyn's Food Emporium.
 34000 | Bazaar   | Bought a book of Power for 315 gold pieces
 34018 | Bazaar   | Bought a scroll of teleportation for 30 gold pieces
 34045 | Bazaar   | Learned a level 6 spell: Iron Shot
 34392 | D:13     | Reached skill level 14 in Conjurations
 35009 | D:14     | Noticed Nessos
 35012 | D:14     | Killed Nessos
 35218 | D:14     | Found Athoom's Assorted Antiques.
 35229 | D:14     | Bought a fuming puce potion for 35 gold pieces
 35471 | D:14     | Offered knowledge of Yara's Violent Unravelling by Vehumet.
 36589 | D:14     | Found a gate to the Vaults.
 36837 | D:14     | Noticed Frances
 36847 | D:14     | Killed Frances
 37285 | D:14     | Noticed Rupert
 37296 | D:14     | Killed Rupert
 37457 | D:15     | Entered Level 15 of the Dungeon
 37603 | D:15     | Noticed Agnes
 37609 | D:15     | Killed Agnes
 37869 | D:15     | Found an opulent altar of Gozag.
 38056 | D:15     | Reached XP level 15. HP: 92/92 MP: 14/31
 38153 | D:15     | Found a staircase to the Depths.
 38431 | D:15     | Reached skill level 10 in Fighting
 39097 | D:15     | Reached skill level 5 in Armour
 39387 | D:15     | Reached skill level 15 in Conjurations
 40674 | D:15     | Found a sparkling altar of Nemelex Xobeh.
 41109 | Orc:1    | Found Virozir's Mayhem Merchandise.
 41193 | Orc:1    | Noticed Josephine
 41201 | Orc:1    | Killed Josephine
 41354 | Orc:1    | Noticed Fannar
 41360 | Orc:1    | Killed Fannar
 41780 | Orc:1    | Found a roughly hewn altar of Beogh.
 41850 | Orc:2    | Entered Level 2 of the Orcish Mines
 41988 | Orc:2    | Found a staircase to the Elven Halls.
 42025 | Orc:2    | Noticed Azrael
 42162 | Orc:1    | Reached ****** piety under Vehumet
 42259 | Orc:1    | Offered knowledge of Bolt of Cold by Vehumet.
 43625 | Orc:1    | Noticed Sonja
 43627 | Orc:1    | Killed Sonja
 43807 | Orc:1    | Found a roughly hewn altar of Beogh.
 44115 | Orc:2    | Killed Azrael
 44364 | Orc:2    | Found Xaumi's Distillery.
 44364 | Orc:2    | Found Ylituoxi's Food Shop.
 44366 | Orc:2    | Found Kithewyu's Antique Armour Boutique.
 44368 | Orc:2    | Found Raphoela's Antique Armour Emporium.
 44446 | Orc:2    | Bought a glowing scarf for 184 gold pieces
 44456 | Orc:2    | Bought a potion of haste for 140 gold pieces
 44456 | Orc:2    | Bought a potion of magic for 112 gold pieces
 44456 | Orc:2    | Bought a potion of resistance for 140 gold pieces
 44466 | Orc:2    | Reached XP level 16. HP: 99/99 MP: 33/33
 44892 | Shoals:1 | Entered Level 1 of the Shoals
 44934 | Shoals:1 | Gained mutation: You are partially covered in rugged brown
                  | scales. (AC +1, +3% HP) [potion of mutation]
 44934 | Shoals:1 | Gained mutation: You are clumsy. (Dex -2) [potion of
                  | mutation]
 44934 | Shoals:1 | Gained mutation: You are very clumsy. (Dex -4) [potion of
                  | mutation]
 44934 | Shoals:1 | Gained mutation: Your system is resistant to poisons.
                  | (rPois) [potion of mutation]
 45023 | Shoals:1 | Lost mutation: Your system is resistant to poisons. (rPois)
                  | [potion of mutation]
 45023 | Shoals:1 | Lost mutation: You are very clumsy. (Dex -4) [potion of
                  | mutation]
 45023 | Shoals:1 | Lost mutation: You are clumsy. (Dex -2) [potion of
                  | mutation]
 45023 | Shoals:1 | Gained mutation: You are occasionally teleported next to
                  | monsters. [potion of mutation]
 45023 | Shoals:1 | Gained mutation: You are agile. (Dex +2) [potion of
                  | mutation]
 45024 | Shoals:1 | Lost mutation: You are agile. (Dex +2) [potion of mutation]
 45024 | Shoals:1 | Gained mutation: You are surrounded by a mild repulsion
                  | field. (EV +2) [potion of mutation]
 45024 | Shoals:1 | Gained mutation: Your mind is acute. (Int +2) [potion of
                  | mutation]
 45025 | Shoals:1 | Lost mutation: You are occasionally teleported next to
                  | monsters. [potion of mutation]
 45025 | Shoals:1 | Lost mutation: Your mind is acute. (Int +2) [potion of
                  | mutation]
 45025 | Shoals:1 | Gained mutation: Your muscles are strong. (Str +2) [potion
                  | of mutation]
 45025 | Shoals:1 | Gained mutation: Your flesh is heat resistant. (rF+)
                  | [potion of mutation]
 45025 | Shoals:1 | Gained mutation: Scrolls take you a little longer to read.
                  | [potion of mutation]
 45025 | Shoals:1 | Gained mutation: Your mind is acute. (Int +2) [potion of
                  | mutation]
 45297 | Shoals:1 | HP: 3/101 [merfolk javelineer/javelin (29)]
 45297 | Shoals:1 | Killed from afar by a meliai

Levels and vault maps discovered:
D:1:      dpeg_arrival_rhombus, layout_loops_ring
D:2:      layout_rooms
D:3:      layout_loops_ring, trog_eyes_of_draining,
          nicolae_ru_sacrificial_ziggurat, uniq_grinder
D:4:      layout_loops_cross, yredelemnul_altar_generic,
          grunt_temple_overflow_diamond, uniq_eustachio
D:5:      layout_basic, first_ration, uniq_prince_ribbit1, uniq_sigmund,
          uniq_ijyb
D:6:      layout_layer_cave, minitemple, serial_shops, kennysheep_little_box,
          gup_ossuary_entry_pyramid
D:7:      layout_loops_ring, evilmike_ruin_ashenzari,
          minmay_temple_entry_drinking_statues, serial_shops,
          nicolae_shop_stone, nicolae_shop_window_shopping,
          nicolae_shop_behind_doors, shop, grunt_livestock, st_stairs_2
D:8:      layout_rooms, uniq_pikel, uniq_maurice
D:9:      layout_basic, dpeg_oklobed_lair
D:10:     layout_cave_pods, orc_0_dummy
D:11:     evilmike_iron_armoury, layout_rooms
D:12:     layout_big_octagon, serial_shops, nicolae_shop_trees,
          gammafunk_ghost_cemetery, serial_column_ruins,
          column_ruins_hut_pillars, column_ruins_columns_dead_end,
          column_ruins_grid_3, column_ruins_open_large, minivault_16,
          fedhas_altar_decomposition
D:13:     layout_grid_maze, serial_shops, bzr_entry_road
D:14:     layout_cave_pods, grunt_vaults_entry_fortified, serial_shops,
          nicolae_shop_temple_entry_statues_fountains,
          chequers_serial_rivers_marsh, uniq_rupert, uniq_nessos, uniq_frances
D:15:     gammafunk_depths_entry_grave, layout_loops_ring, basic_altar,
          nemelex_diamond_rough_becter, uniq_agnes
Lair:1:   layout_loops_ring
Lair:2:   layout_roguey, shoals_dummy_entry, guppyfry_snake_entry_island,
          uniq_erica
Lair:3:   layout_loops_ring, serial_bayou_shore_b, grunt_megastairs_1
Lair:4:   layout_regular_city, serial_bayou_shore_b
Lair:5:   layout_cave_shapes, slime_altar_1, enter_volcano_1, serial_forest,
          infiniplex_forest_lined_3, infiniplex_forest_diagonal,
          infiniplex_forest_end_1, infiniplex_forest_clump_C,
          infiniplex_forest_lined_room_2, infiniplex_forest_straight_2,
          infiniplex_forest_clump_small, minivault_24,
          infiniplex_staircase_pool_2, lemuel_fruit_fields
Lair:6:   cheibrodos_lair_end_hotspot, layout_gridlike, basic_altar
Shoals:1: layout_shoals, serial_shops, shop_statue, regret_index_shoals_crete
Orc:1:    layout_caves, basic_altar, minmay_shop_mayhem, bh_open_orc_temple,
          uniq_josephine, uniq_fannar, uniq_sonja
Orc:2:    st_orc_rangers, layout_caves, uniq_azrael

Skill      XL: |  1  2  3  4  5  6  7  8  9 10 11 12 13 14 15 16 |
---------------+-------------------------------------------------+-----
Conjurations   | 2 3 4 5 6 8 10 11 12 13 14 15 | 15.7
Dodging        | 3 4 5 7 8 10 | 10.9
Fire Magic     | 4 5 6 7 9 10 11 12 13 14 | 14.0
Fighting       | 1 2 3 4 5 6 7 8 9 10 | 10.6
Spellcasting   | 4 5 6 7 9 10 11 | 11.3
Shields        | 2 4 |  4.0
Earth Magic    | 5 7 9 |  9.7
Armour         | 4 7 |  7.5
Stealth        | |  2.4

Action                   |  1- 3 |  4- 6 |  7- 9 | 10-12 | 13-15 | 16-18 || total
-------------------------+-------+-------+-------+-------+-------+-------++-------
Melee: Short sword       |       |     7 |    23 |    15 |       |       ||    45
       Scimitar          |       |       |       |       |    13 |       ||    13
       Demon blade       |       |       |       |       |    60 |       ||    60
       Quick blade       |       |       |       |       |    27 |       ||    27
 Cast: Flame Tongue      |    50 |    71 |   161 |   326 |   344 |    27 ||   979
       Throw Flame       |    14 |    40 |    79 |   155 |   258 |    27 ||   573
       Sticky Flame      |       |     3 |    26 |    47 |    92 |     2 ||   170
       Conjure Flame     |       |     3 |     6 |    25 |    13 |       ||    47
       Shock             |       |     3 |    22 |    11 |       |       ||    36
       Stone Arrow       |       |       |     9 |    40 |    62 |     1 ||   112
       Fireball          |       |       |     3 |    73 |   157 |     7 ||   240
       Bolt of Magma     |       |       |       |    11 |    48 |     1 ||    60
       Iron Shot         |       |       |       |       |    87 |     7 ||    94
Evoke: Wand              |       |       |       |     2 |     3 |       ||     5
  Use: Scroll            |       |       |     9 |    14 |    10 |     3 ||    36
       Potion            |       |       |     3 |     3 |     2 |     5 ||    13
  Eat: Chunk             |     3 |    11 |    17 |    25 |    64 |     2 ||   122
       Ration            |       |       |     2 |    10 |    17 |     1 ||    30
Armor: Robe              |     7 |     5 |    16 |    15 |    23 |     6 ||    72
       Ring mail         |       |       |       |     2 |    22 |       ||    24
       Leather armour    |       |       |       |       |    20 |       ||    20
       Troll leather arm |       |       |       |       |    11 |       ||    11
Dodge: Dodged            |    13 |    26 |    87 |   145 |   326 |    21 ||   618
Block: Buckler           |       |       |       |    36 |   222 |    12 ||   270
       Reflection        |       |       |       |       |    64 |     5 ||    69
       Rpst.: Falchion   |       |       |       |    10 |       |       ||    10
       Demon blade       |       |       |       |       |    42 |     1 ||    43
       Scimitar          |       |       |       |       |     7 |       ||     7

Table legend:
 A = Non-vault XP
 B = Vault XP
 C = Vault XP percentage of total XP
 D = Non-vault monster count
 E = Vault monster count
 F = Vault count percentage of total count
                 A         B        C        D         E       F
            +---------+---------+-------+---------+---------+-------
      Total |   88951 |   58005 |  39.5 |     565 |     188 |  25.0
            +---------+---------+-------+---------+---------+-------
        D:1 |      15 |       0 |   0.0 |       8 |       0 |   0.0
        D:2 |      67 |       0 |   0.0 |      18 |       0 |   0.0
        D:3 |      31 |     131 |  80.9 |      13 |       3 |  18.8
        D:4 |     528 |     188 |  26.3 |      28 |       1 |   3.4
        D:5 |     981 |      38 |   3.7 |      21 |       1 |   4.5
        D:6 |    1198 |     238 |  16.6 |      29 |       2 |   6.5
        D:7 |    1050 |     978 |  48.2 |      18 |       6 |  25.0
        D:8 |    1508 |    1159 |  43.5 |      21 |       2 |   8.7
        D:9 |    4089 |       0 |   0.0 |      40 |       0 |   0.0
       D:10 |    5308 |     133 |   2.4 |      41 |       1 |   2.4
       D:11 |    5111 |    6440 |  55.8 |      26 |      16 |  38.1
       D:12 |    2065 |    1524 |  42.5 |      24 |       8 |  25.0
       D:13 |    4846 |       0 |   0.0 |      19 |       0 |   0.0
       D:14 |    7358 |   12164 |  62.3 |      25 |      13 |  34.2
       D:15 |   21186 |    7124 |  25.2 |      54 |       9 |  14.3
     Lair:1 |    1136 |       0 |   0.0 |       8 |       0 |   0.0
     Lair:2 |    4283 |    1385 |  24.4 |      19 |       4 |  17.4
     Lair:3 |    4427 |     772 |  14.8 |      17 |       3 |  15.0
     Lair:4 |    3312 |       0 |   0.0 |      10 |       0 |   0.0
     Lair:5 |    4492 |       0 |   0.0 |      16 |       0 |   0.0
     Lair:6 |    8631 |    7303 |  45.8 |      31 |      27 |  46.6
   Shoals:1 |    4179 |    1329 |  24.1 |      12 |       4 |  25.0
      Orc:1 |    1697 |    5336 |  75.9 |      47 |      16 |  25.4
      Orc:2 |    1453 |    7566 |  83.9 |      20 |      41 |  67.2
    Ossuary |       0 |     182 | 100.0 |       0 |      16 | 100.0
    Volcano |       0 |    4015 | 100.0 |       0 |      15 | 100.0
            +---------+---------+-------+---------+---------+-------
